Map: Triton LE

Players

Funkyding

  • Race: Zerg Zerg
  • League: Gold
  • Spawn Location: 5:00

ViBE - Winner!

  • Race: Zerg Zerg
  • League: Silver
  • Spawn Location: 11:00

VOD

Have the link to the VOD?

Description

Time

  • Played on: Dec. 5, 2019, 10:13 p.m.
  • Length: 12:31
Show
View Real Time Build Order
Export as new Build Order

Funkyding Zerg 

Build Orders: Hatch First, Muta Ling Bane 

Get SALT Encoding   

  12  0:04  Drone  
  13  0:15  Overlord  
  13  0:16  Drone  
  14  0:43  Hatchery  
  14  0:46  Drone  
  14  0:49  Drone  
  15  0:52  Drone  
  16  1:01  Drone  
  17  1:08  Drone  
  18  1:19  Spawning Pool  
  18  1:20  Drone  
  18  1:30  Drone  
  19  1:43  Extractor  
  19  1:44  Drone  
  19  1:51  Drone  
  20  1:55  Drone  
  21  2:06  Queen  
  21  2:07  Queen  
  21  2:08  Overlord x2  
  25  2:13  Drone  
  26  2:19  Drone  
  27  2:25  Drone  
  28  2:31  Drone  
  28  2:32  Spine Crawler  
  28  2:37  Zergling x2  
  29  2:48  Metabolic Boost  
  29  2:58  Queen  
  29  3:01  Zergling x10  
  36  3:07  Drone  
  37  3:21  Zergling x8  
  41  3:31  Evolution Chamber  
  40  3:34  Roach Warren  
  39  3:42  Lair  
  39  3:46  Drone x5  
  44  3:52  Overlord x2  
  43  4:28  Baneling Nest  
  42  4:33  Drone x3  
  42  4:34  Drone x5  
  50  4:42  Hatchery  
  46  4:53  Roach x6  
  52  5:14  Roach x3  
  58  5:24  Extractor  
  58  5:26  Extractor  
  56  5:37  Roach  
  56  5:38  Roach  
  56  5:41  Overlord x4  
  56  5:42  Overlord  
  60  5:57  Zerg Missile Weapons Level 1  
  60  6:03  Drone x5  
  65  6:09  Zergling x2  
  66  6:15  Hatchery  
  66  6:18  Drone x6  
  71  6:21  Drone  
  72  6:28  Roach  
  72  6:31  Tunneling Claws  
  74  6:36  Burrow  
  74  6:50  Spire  
  74  6:54  Extractor  
  72  6:58  Drone x11  
  83  7:36  Roach x10  
  103  7:50  Drone  
  104  7:55  Extractor  
  104  7:57  Extractor  
  102  8:12  Hatchery  
  101  8:19  Mutalisk  
  101  8:21  Overlord x2  
  101  8:22  Overlord x12  
  103  8:31  Infestation Pit  
  102  8:53  Roach  
  102  8:54  Roach x9  
  120  9:01  Centrifical Hooks  
  120  9:20  Roach x3  
  120  9:21  Roach x10  
  126  9:26  Roach  
  126  9:27  Roach x8  
  126  9:29  Roach x10  
  144  9:32  Zerg Flyer Weapons Level 1  
  144  9:34  Mutalisk x4  
  150  10:01  Mutalisk  
  150  10:02  Mutalisk x2  
  156  10:17  Hive  
  155  10:40  Roach x9  
  147  11:25  Zergling x32  
  157  11:26  Zergling x22  
  139  11:41  Mutalisk x4  
Show
View Real Time Build Order
Export as new Build Order

ViBE Zerg - Winner!

Build Orders: Hatch First, Roach Hydra 

Get SALT Encoding   

  12  0:01  Drone  
  13  0:14  Overlord  
  13  0:18  Drone  
  14  0:33  Drone x2  
  16  0:39  Drone  
  17  0:54  Hatchery  
  16  1:07  Drone x2  
  18  1:15  Spawning Pool  
  17  1:18  Drone  
  17  1:24  Drone  
  19  1:30  Drone  
  20  1:33  Extractor  
  19  1:44  Overlord  
  19  2:04  Queen  
  19  2:06  Drone x2, Queen  
  25  2:18  Drone x3  
  28  2:29  Drone x2  
  30  2:42  Drone x2  
  32  2:48  Overlord  
  32  2:53  Drone  
  32  2:54  Lair, Queen  
  35  3:02  Drone, Overlord  
  36  3:08  Drone  
  36  3:11  Roach Warren  
  36  3:15  Drone  
  36  3:17  Drone  
  38  3:25  Evolution Chamber  
  38  3:26  Drone  
  38  3:27  Drone  
  38  3:28  Drone x2  
  38  3:30  Drone x4  
  45  3:35  Extractor  
  45  3:36  Extractor  
  43  3:46  Drone x3  
  46  3:52  Glial Reconstitution, Zerg Missile Weapons Level 1  
  46  4:02  Drone x2  
  48  4:04  Overlord x2  
  48  4:06  Hatchery  
  47  4:15  Evolution Chamber  
  47  4:17  Roach x3  
  52  4:22  Roach x3  
  58  4:25  Roach  
  58  4:27  Roach  
  62  4:33  Roach x2  
  62  4:34  Roach  
  68  4:38  Overlord  
  68  4:58  Drone  
  68  4:59  Drone x4  
  73  5:01  Zerg Ground Armor Level 1  
  73  5:05  Hatchery  
  72  5:25  Drone x4  
  76  5:33  Overlord x3  
  76  5:34  Overlord  
  76  5:53  Drone x7  
  76  5:54  Zerg Missile Weapons Level 2  
  83  6:01  Queen  
  85  6:20  Overlord  
  85  6:21  Overlord  
  85  6:31  Drone x9  
  94  6:45  Drone x3  
  94  6:46  Drone x4  
  101  6:47  Hatchery  
  100  6:55  Drone, Hatchery  
  100  6:56  Zerg Ground Armor Level 2, Drone, Extractor x2  
  100  6:57  Extractor  
  98  7:01  Hydralisk Den  
  97  7:26  Drone x12  
  97  7:27  Drone x3  
  97  7:28  Drone x2  
  114  7:45  Hydralisk x2  
  114  7:46  Hydralisk x2  
  114  7:49  Grooved Spines  
  114  7:50  Hatchery  
  121  8:07  Hydralisk x10  
  121  8:08  Overlord  
  121  8:09  Overlord x2  
  121  8:12  Extractor  
  140  8:14  Extractor  
  140  8:15  Overlord x2  
  139  8:22  Hydralisk  
  139  8:24  Overlord x4  
  141  8:33  Hydralisk x12  
  161  8:41  Hydralisk x2  
  165  8:46  Infestation Pit, Overlord x3  
  168  9:00  Muscular Augments  
  168  9:08  Spine Crawler  
  168  9:09  Spine Crawler  
  166  9:11  Spine Crawler  
  166  9:15  Spine Crawler x2  
  157  9:17  Spine Crawler  
  157  9:19  Spine Crawler  
  157  9:20  Spine Crawler x2  
  151  9:24  Spine Crawler x2  
  151  9:25  Spine Crawler  
  151  9:27  Drone  
  151  9:28  Drone x15  
  164  9:32  Drone x3  
  167  9:39  Hive  
  165  9:52  Drone x6  
  171  9:58  Spine Crawler x2  
  171  9:59  Spine Crawler  
  168  10:00  Extractor x2  
  168  10:02  Hydralisk x7  
  168  10:03  Hydralisk x2  
  184  10:13  Spine Crawler  
  183  10:15  Spine Crawler  
  183  10:20  Drone x2  
  183  10:21  Drone x2, Hydralisk  
  186  10:22  Hydralisk x4  
  186  10:27  Overseer x2  
  196  10:29  Hydralisk x2  
  193  10:56  Spore Crawler  
  186  10:59  Spore Crawler  
  186  11:01  Spore Crawler  
  179  11:08  Drone x14  
  179  11:10  Hydralisk x3  
  199  11:14  Hatchery  
  199  11:15  Hydralisk  
  199  11:28  Hydralisk  
  199  11:34  Hydralisk  
  199  11:35  Hydralisk  
  199  11:36  Hydralisk x2  
  199  11:39  Hydralisk  
  195  11:40  Hydralisk  
  195  11:46  Hydralisk  
  190  11:47  Hydralisk x4  
  190  11:48  Hydralisk  
  194  11:56  Hydralisk x3  
  194  12:06  Hydralisk  
  194  12:07  Hydralisk x3  
Tags
 
Add a new tag
Caveats
  • Supply blocks, unpowered buildings, or Contaminate may cause inaccurate times.
  • Supply counts are checked every 10 seconds.